 Dungeon Crawl Stone Soup version 0.20-a0-3-g334f831 (webtiles) character file.

382 JeffiDaFish the Covered (level 6, -2/38 HPs)
             Began as a Gargoyle Fighter on Oct 30, 2016.
             Slain by an ogre
             ... wielding a +0 giant club
              (6 damage)
             ... on level 4 of the Dungeon.
             The game lasted 00:09:21 (3311 turns).

JeffiDaFish the Covered (Gargoyle Fighter)          Turns: 3311, Time: 00:09:21

Health: -2/38      AC: 14    Str: 21    XL:     6   Next: 76%
Magic:  6/6        EV:  6    Int:  7    God:
Gold:   160        SH:  9    Dex:  9    Spells: 0 memorised, 5 levels left

rFire  . . .     SeeInvis .     a - +2 flail
rCold  + . .     Gourm    .     e - +0 chain mail
rNeg   + . .     Faith    .     c - +0 shield
rPois  ∞         Spirit   .     (no helmet)
rElec  +         Reflect  .     (no cloak)
rCorr  .         Harm     .     (no gloves)
MR     .....                    (no boots)
Stlth  ..........               (no amulet)
                                (no ring)
                                b - ring of protection from cold

@: no status effects
A: hooves 1, blurry vision 1, dopey 1, negative energy resistance 1, electricity
resistance, unbreathing, petrification resistance, rot immunity, AC +4
a: no special abilities


You were on level 4 of the Dungeon.
You were not hungry.

You visited 1 branch of the dungeon, and saw 4 of its levels.

You collected 160 gold pieces.

Inventory:

Hand Weapons
 a - a +2 flail (weapon)
Armour
 c - a +0 shield (worn)
 e - a +0 chain mail (worn)
Jewellery
 b - a ring of protection from cold (left hand)
Wands
 g - a wand of iceblast (9/15)
Scrolls
 h - 2 scrolls of identify
 i - a scroll of teleportation {unknown}
Potions
 d - 2 potions of might
 l - a potion of ambrosia
Comestibles
 f - 2 bread rations
 j - a meat ration
 k - a royal jelly
 m - 6 chunks of flesh


   Skills:
 + Level 4.2 Fighting
 + Level 4.4 Maces & Flails
 + Level 4.9 Armour
 + Level 0.4 Dodging
 + Level 4.7 Shields


You had 5 spell levels left.
You didn't know any spells.

Dungeon Overview and Level Annotations

Branches:
Dungeon (4/15)
 Temple: D:4-7

Altars:
Uskayaw


Innate Abilities, Weirdness & Mutations

You are resistant to torment.
Your stone body is resilient. (AC +4)
You are immune to poison.
You resist negative energy. (rN+)
You are resistant to electric shocks. (rElec)
You can survive without breathing.
You are immune to petrification.
You are immune to rotting.
You have large cloven feet.
Scrolls take you a little longer to read.
You are dopey. (Int -2)


Message History

You are too injured to fight recklessly!
You are too injured to fight recklessly!
You are too injured to fight recklessly!
You are too injured to fight recklessly!
You are too injured to fight recklessly!
You are too injured to fight recklessly!
You are too injured to fight recklessly!
You are too injured to fight recklessly!
Your shield and chain mail prevent you from hitting the ogre.
You kick the ogre, but do no damage.
The ogre is severely wounded.
The ogre hits you with a giant club!
* * * LOW HITPOINT WARNING * * *
You hit the ogre. Your kick misses the ogre.
The ogre is severely wounded.
The ogre barely misses you.
You hit the ogre. You kick the ogre, but do no damage.
The ogre is severely wounded.
The ogre hits you with a giant club.
You die...

# #. #.###
#.O.# ####@#
###....#
#......#
#####......#
#..........#
#.###......####
#.#
######.....#
#.#
#....#.....#
#.#
#....#.....##
#######


You could see an ogre.

Vanquished Creatures
  An ogre (D:4)
  A big kobold (D:4)
  A gnoll shaman (D:4)
  Ijyb (D:2)
  3 gnolls (D:4)
  8 adders
  2 dart slugs
  A leopard gecko (D:3)
  2 orcs
  5 bats
  2 giant cockroaches
  5 goblins
  16 hobgoblins
  9 jackals
  4 kobolds
  3 quokkas
  A ball python (D:3)
  3 frilled lizards
  8 rats
76 creatures vanquished.

Notes
Turn   | Place    | Note
-------+----------+-------------------------------------------
     0 | D:1      | JeffiDaFish the Gargoyle Fighter began the quest for the Orb.
     0 | D:1      | Reached XP level 1. HP: 14/14 MP: 1/1
   279 | D:1      | Reached XP level 2. HP: 16/19 MP: 2/2
   712 | D:1      | Reached XP level 3. HP: 24/24 MP: 3/3
  1086 | D:2      | Noticed Ijyb
  1108 | D:2      | Killed Ijyb
  1108 | D:2      | Reached XP level 4. HP: 28/29 MP: 4/4
  1848 | D:3      | Found a hide-covered altar of Uskayaw.
  1855 | D:3      | Gained mutation: You are dopey. (Int -2) [potion of mutation]
  1855 | D:3      | Gained mutation: Scrolls take you a little longer to read. [potion of mutation]
  1855 | D:3      | Gained mutation: You have large cloven feet. [potion of mutation]
  1915 | D:3      | Reached XP level 5. HP: 24/33 MP: 5/5
  2879 | D:4      | Reached XP level 6. HP: 15/38 MP: 6/6
  3311 | D:4      | Slain by an ogre

Vault maps used:
D:1:      mrwooster_arrival_arrow
D:2:      uniq_iyjb
D:3:      eat_drink_and_be_merry_uskayaw
D:4:      vehumet_crystals

Skill      XL: |  1  2  3  4  5 |
---------------+----------------+-----
Maces & Flails | 3 4 |  4.4
Shields        | 4 |  4.7
Armour         | 4 |  4.9
Fighting       | 4 |  4.2
Dodging        | |  0.4

Action                   |  1- 3 |  4- 6 || total
-------------------------+-------+-------++-------
Melee: Flail             |   104 |   238 ||   342
       Kick              |       |    40 ||    40
  Use: Scroll            |     2 |     5 ||     7
       Potion            |     1 |     4 ||     5
  Eat: Chunk             |     1 |     7 ||     8
Armor: Scale mail        |    23 |       ||    23
       Chain mail        |    32 |   134 ||   166
Dodge: Dodged            |    38 |    71 ||   109
Block: Shield            |    56 |   137 ||   193
